 Dungeon Crawl Stone Soup version 0.20-a0-261-gcb1eca7 (console) character file.

5163 Eviona the Martial Artist (level 10, -6/78 HPs)
             Began as a Pale Draconian Ice Elementalist on Dec 4, 2016.
             Was an Elder of Okawaru.
             Mangled by a yak (11 damage)
             ... on level 8 of the Dungeon.
             The game lasted 00:32:58 (11544 turns).

Eviona the Martial Artist (DrIE)                   Turns: 11544, Time: 00:32:59

Health: -6/78      AC: 18    Str: 17    XL:     10   Next: 33%
Magic:  8/13       EV: 17    Int: 18    God:    Okawaru [****..]
Gold:   509        SH:  0    Dex: 12    Spells: 9/13 levels left

rFire  x . .     SeeInvis .       - Unarmed
rCold  + + .     Gourm    .     (armour unavailable)
rNeg   . . .     Faith    .     (no shield)
rPois  .         Spirit   .     (helmet restricted)
rElec  .         Reflect  .     w - +0 cloak
rCorr  .         Harm     .     H - +2 pair of gloves of Indemnity {rC+ Str+6}
MR     .....                    G - +0 pair of boots
Stlth  +++.......               M - amulet of magic regeneration
                                L - ring of ice
                                N - ring of stealth

@: icy armour (expiring), slow
A: breathe steam, unfitting armour, cold-blooded, AC +7
a: Breathe Steam, Heroism, Renounce Religion


You were on level 8 of the Dungeon.
You worshipped Okawaru.
Okawaru was greatly pleased with you.
You were not hungry.

You visited 2 branches of the dungeon, and saw 9 of its levels.
You also visited: Sewer.

You collected 509 gold pieces.

Inventory:

Missiles
 o - 144 stones (quivered)
Armour
 w - a +0 cloak (worn)
 G - a +0 pair of boots (worn)
 H - the +2 pair of gloves of Indemnity (worn) {rC+ Str+6}
   (You found it on level 7 of the Dungeon)

   It affects your strength (+6).
   It protects you from cold.
Jewellery
 i - an uncursed ring of flight
 n - an uncursed ring of loudness
 L - a ring of ice (right hand)
 M - an amulet of magic regeneration (around neck)
 N - a ring of stealth (left hand)
Wands
 v - a wand of slowing (48/48)
 y - a wand of iceblast (7/15)
 B - a wand of iceblast (7/15)
 I - a wand of digging (12/24)
Scrolls
 d - 6 scrolls of remove curse
 e - a scroll of immolation {unknown}
 g - 3 scrolls of recharging
 h - 3 scrolls of teleportation
 j - 2 scrolls of fear
 k - 6 scrolls of identify
 p - 2 scrolls of amnesia
 s - 2 scrolls of magic mapping
 E - a scroll of enchant weapon {unknown}
 K - a scroll of random uselessness {unknown}
Potions
 l - a potion of cure mutation
 m - a potion of flight
 q - a potion of mutation
 r - a potion of magic
 t - 2 potions of berserk rage {unknown}
 u - a potion of lignification {unknown}
 x - a potion of haste
 z - 8 potions of curing {unknown}
 A - 4 potions of might {unknown}
 D - 8 potions of heal wounds {unknown}
 F - a potion of agility {unknown}
 J - a potion of invisibility {unknown}
 O - a potion of cancellation {unknown}
Books
 a - a book of Frost

   Spells                             Type                      Level
   a - Freeze                         Ice                          1
   b - Throw Frost                    Conjuration/Ice              2
   c - Ozocubu's Armour               Charms/Ice                   3
   d - Throw Icicle                   Conjuration/Ice              4
   e - Summon Ice Beast               Ice/Summoning                4
Comestibles
 b - 7 bread rations
 c - 4 fruits
 f - 2 meat rations
 C - 2 beef jerkies
 P - 2 chunks of flesh


   Skills:
 - Level 4.1 Fighting
 - Level 9.0 Dodging
 - Level 1.7 Stealth
 - Level 9.0 Unarmed Combat
 - Level 2.0 Spellcasting
   Level 1.0 Conjurations
 - Level 6.1 Ice Magic
 + Level 4.7 Invocations


You had 9 spell levels left.
You knew the following spells:

 Your Spells              Type           Power        Failure   Level  Hunger
a - Freeze                Ice            ####         1%          1    #......
b - Ozocubu's Armour      Chrm/Ice       ###.....     17%         3    ###....


Dungeon Overview and Level Annotations

Branches:
Dungeon (8/15)             Temple (0/1) D:4            Lair (1/6) D:8

Altars:
Cheibriados
Dithmenos
Fedhas
Gozag
Kikubaaqudgha
Okawaru
Qazlal
Ru
Xom
Zin
The Shining One

Shops:
D:4 ?


Innate Abilities, Weirdness & Mutations

You can breathe blasts of scalding, opaque steam.
Your pale cyan-grey scales are hard. (AC +7)
You cannot fit into any form of body armour.
You are cold-blooded and may be slowed by cold attacks.


Message History

Okawaru accepts your kill.
Casting: Freeze
Confirm with . or Enter, or press ? or * to list all spells.
Aiming: Freeze
Press: ? - help, Shift-Dir - straight line, f - yak
Aim: a yak (severely wounded)
You feel a surge of power!
You freeze the yak.
The yak is almost dead.
Your icy armour starts to melt.
The yak gores you.
* * * LOW HITPOINT WARNING * * *
Casting: Freeze
Confirm with . or Enter, or press ? or * to list all spells.
Aiming: Freeze
Press: ? - help, Shift-Dir - straight line, f/p - yak
Aim: a yak (almost dead)
You feel a surge of power!
You freeze the yak.
The yak is almost dead.
The yak gores you!
You die...

........###.............###..._#
..<...####.....................#
......# #................#....#
.....#####...............#..####
#..........................##
#.##.....................###
#.##.....<...............# ###
#.##.....P..............## #..
..##..P................## #..
...........P..P##...#### ###.#
<.#....7.......Y@..## #...#
#.....PP.......P#.## #.#.#
##....7.P..P......# ##...#
##.P.....PP.......# ##...##
.....7.P.>..PP.P..# ##..###
##.P.PP.P..P...P..# ##...#
#.........P.....## ##...##
##.......P.....## #..###
###P....P....P..# ##..#
.#......PP...P.## ###..## ####
...##.........#######...######..#


You could see a yak.

Vanquished Creatures
  Prince Ribbit (D:7)
  5 yaks
  A wyvern (D:7)
  Edmund (D:5)
  A water moccasin (D:5)
  4 porcupines
  2 ice beasts
  3 sky beasts
  A phantom (D:7)
  4 ogres
  7 wolves
  A centaur (D:5)
  3 crocodiles
  3 big kobolds
  5 bullfrogs
  3 scorpions
  2 howler monkeys (D:8)
  A bullfrog zombie (D:5)
  A hound (D:5)
  4 orc priests
  A gnoll shaman (D:6)
  5 orc wizards
  4 iguanas
  3 worker ants
  3 hound skeletons
  3 gnolls (D:6)
  A howler monkey skeleton (D:7)
  10 river rats
  14 adders
  An ooze (D:3)
  An adder skeleton (D:5)
  A worm (D:2)
  3 leopard geckos
  24 orcs
  8 giant cockroaches
  7 goblins
  4 hobgoblins
  2 jackals (D:3)
  4 quokkas
  8 ball pythons
  10 bats
  6 frilled lizards
  A giant cockroach zombie (D:5)
  A jackal skeleton (D:5)
  23 kobolds
  A leopard gecko skeleton (D:4)
  A quokka skeleton (D:4)
  29 rats
232 creatures vanquished.

Vanquished Creatures (others)
  A hound skeleton (D:5)
  A fungus (D:8)
  A plant (Lair:1)
3 creatures vanquished.

Grand Total: 235 creatures vanquished

Notes
Turn   | Place    | Note
-------+----------+-------------------------------------------
     0 | D:1      | Eviona the Draconian Ice Elementalist began the quest for the Orb.
     0 | D:1      | Reached XP level 1. HP: 14/14 MP: 3/3
   403 | D:1      | Reached XP level 2. HP: 20/20 MP: 1/5
   964 | D:1      | Reached XP level 3. HP: 20/26 MP: 1/6
  1732 | D:3      | Reached XP level 4. HP: 33/33 MP: 3/7
  1877 | D:2      | Reached skill level 5 in Ice Magic
  2307 | D:3      | Reached XP level 5. HP: 38/38 MP: 2/8
  2602 | D:3      | Found an iron altar of Okawaru.
  2651 | D:3      | Became a worshipper of Warmaster Okawaru
  2725 | D:3      | Found a glowing silver altar of Zin.
  2953 | D:3      | Learned a level 3 spell: Ozocubu's Armour
  3003 | D:4      | Reached skill level 1 in Unarmed Combat
  3248 | D:4      | Reached XP level 6. HP: 32/45 MP: 3/9
  3666 | D:4      | Reached * piety under Okawaru
  3853 | D:4      | Found a shadowy altar of Dithmenos.
  3976 | D:4      | Found Ibronag's Magic Scroll Boutique.
  3989 | D:4      | Found a staircase to the Ecumenical Temple.
  4244 | D:4      | Your scales start taking on a pale cyan-grey colour.
  4244 | D:4      | Reached XP level 7. HP: 41/50 MP: 5/10
  4538 | D:5      | Entered Level 5 of the Dungeon
  4547 | D:5      | Reached skill level 5 in Unarmed Combat
  4625 | D:5      | Found a shimmering altar of Xom.
  5213 | D:4      | Noticed a deep elf mage
  5747 | D:5      | Reached XP level 8. HP: 57/57 MP: 9/11
  5791 | D:5      | Found a stormy altar of Qazlal.
  6000 | D:5      | Found a shimmering altar of Xom.
  6001 | D:5      | Noticed Edmund
  6015 | D:5      | Killed Edmund
  6015 | D:5      | Reached ** piety under Okawaru
  6623 | D:6      | Found a glowing drain.
  6627 | Sewer    | Entered a sewer
  7898 | D:6      | Found a glowing golden altar of the Shining One.
  8037 | D:6      | Found an ancient bone altar of Kikubaaqudgha.
  8164 | D:6      | Found a sacrificial altar of Ru.
  8187 | D:6      | Found a blossoming altar of Fedhas.
  8428 | D:7      | Reached skill level 5 in Dodging
  8428 | D:7      | Reached XP level 9. HP: 33/62 MP: 0/12
  8529 | D:7      | Got a pair of jewelled gloves
  8535 | D:7      | Identified the +2 pair of gloves of Indemnity {rC+ Str+6} (You found it on level 7 of the Dungeon)
  8541 | D:7      | Noticed Prince Ribbit
  8591 | D:7      | Killed Prince Ribbit
  8911 | D:7      | Found a snail-covered altar of Cheibriados.
  9433 | D:7      | Reached *** piety under Okawaru
 10027 | D:8      | Reached **** piety under Okawaru
 10144 | D:8      | Reached skill level 1 in Fighting
 10207 | D:8      | Found a staircase to the Lair.
 10234 | D:8      | Found a glowing golden altar of the Shining One.
 10338 | D:8      | Found an opulent altar of Gozag.
 10567 | D:8      | Reached XP level 10. HP: 71/74 MP: 6/13
 11040 | Lair:1   | Entered Level 1 of the Lair of Beasts
 11156 | Lair:1   | Reached skill level 1 in Invocations
 11544 | D:8      | Mangled by a yak

Vault maps used:
D:1:      minmay_arrival_up_and_down, serial_corexii_hall,
          corexii_hall_statues_x, corexii_hall_statues_x, minivault_26,
          minmay_lizard_pond
D:3:      okawaru_metal_pillars_3, zin_academy, chequers_big_river
D:4:      nicolae_overflow_crystal_walls, serial_shops, nicolae_shop_waterfront,
          first_bread, lemuel_old_faithful
D:5:      kb_forest_paths, nicolae_qazlal_eye_of_the_storm,
          nicolae_overflow_hidden_temple, kennysheep_little_box,
          minmay_misc_feat_x, xom_teletrap_fun, uniq_edmund
D:6:      grunt_temple_overflow_growth_and_decay, kennysheep_mini,
          gup_sewer_entry_spiral, minmay_misc_feat_plants,
          nicolae_tso_carved_into_rock
D:7:      kennysheep_mini_moat, uniq_prince_ribbit1
D:8:      overflow_temple_1_default, lemuel_doored_altar,
          minmay_lair_entry_grove
Sewer:    sewer_minmay_treatment

Skill      XL: |  1  2  3  4  5  6  7  8  9 10 |
---------------+-------------------------------+-----
Ice Magic      | 4 5 6 |  6.1
Unarmed Combat | 2 4 7 9 |  9.0
Dodging        | 5 9 |  9.0
Fighting       | 2 4 |  4.1
Invocations    | 4 |  4.7
Stealth        | |  1.7
Spellcasting   | |  2.0
Conjurations   | |  1.0

Action                   |  1- 3 |  4- 6 |  7- 9 | 10-12 || total
-------------------------+-------+-------+-------+-------++-------
Melee: Unarmed           |    25 |    13 |   192 |    82 ||   312
       Tailslap          |     1 |       |    19 |    16 ||    36
       Punch             |       |     1 |     2 |     4 ||     7
Throw: Stone             |     8 |    17 |    16 |     7 ||    48
 Cast: Freeze            |    64 |   104 |   247 |    42 ||   457
       Ozocubu's Armour  |       |     1 |    16 |     4 ||    21
  Use: Scroll            |       |    13 |       |       ||    13
 Stab: Distracted        |       |       |     1 |       ||     1
       Sleeping          |       |       |     1 |       ||     1
  Eat: Chunk             |     4 |     9 |    21 |     4 ||    38
       Meat ration       |       |       |     1 |       ||     1
Armor: Skin              |    18 |    21 |   110 |    42 ||   191
Dodge: Dodged            |    38 |    37 |   275 |    98 ||   448
